 Dungeon Crawl Stone Soup version 0.32-a0-540-g866d13106e (webtiles) character file.

Game seed: 4208542716639397036

89 dialectric the Ruffian (level 4, -2/29 HPs)
             Began as an Octopode Shapeshifter on Feb 29, 2024.
             Was a Believer of Qazlal.
             Slain by a gnoll
             ... wielding a +0 club
              (8 damage)
             ... on level 3 of the Dungeon.
             The game lasted 00:01:41 (1626 turns).

dialectric the Ruffian (Octopode Shapeshifter)      Turns: 1626, Time: 00:01:42

Health: -2/29      AC:  1    Str: 15    XL:     4   Next: 55%
Magic:  4/4        EV: 13    Int: 12    God:    Qazlal [**....]
Gold:   85         SH:  3    Dex: 11    Spells: 3/3 levels left

rFire   . .          .
                       - Unarmed
rCold   . . .        (no shield)
rNeg    . . .        (helmet currently unavailable)
rPois   .            (no amulet)
rElec   .            (no ring)
rCorr   .            (no ring)
SInv    .            (no ring)
Will    .....        (no ring)
Stlth   ++           (no ring)
HPRegen 0.24/turn    (no ring)
MPRegen 0.09/turn    (no ring)
                     (no ring)

%: no passive effects
@: beast-form
A: beast (slay +2), almost no armour, amphibious, 8 rings, camouflage 1,
gelatinous body 1, (nimble swimmer 1), tentacles
a: Begin Untransformation, Renounce Religion, Upheaval


You were on level 3 of the Dungeon.
You worshipped Qazlal.
Qazlal was pleased with you.
You were a hulking beast.
You visited 1 branch of the dungeon, and saw 3 of its levels.

You collected 85 gold pieces.

Inventory:

Missiles
 j - 4 datura-tipped darts (quivered)
Talismans
 b - a beast talisman (active)
 c - a flux talisman
Scrolls
 e - 2 scrolls of identify {unknown}
 f - 2 scrolls of immolation {unknown}
 g - a scroll of teleportation {unknown}
 i - a scroll of vulnerability {unknown}
 k - 2 scrolls of revelation {unknown}
 l - a scroll of poison {unknown}
Potions
 a - a potion of lignification
 d - a potion of degeneration {unknown}
 h - a potion of brilliance {unknown}


   Skills:
 + Level 2.0 Fighting
 + Level 2.8 Dodging
 - Level 1.0 Stealth
 + Level 3.6 Unarmed Combat
 + Level 3.5 Shapeshifting


You had 3 spell levels left.
You didn't know any spells.
Your spell library contained the following spells:

 Spells                   Type           Power      Damage    Failure   Level
 Ensorcelled Hibernation  Hex/Ice        0%         N/A       45%         2
 Passwall                 Erth           0%         N/A       69%         3
 Swiftness                Air            0%         N/A       69%         3


Dungeon Overview and Level Annotations

Branches:
Dungeon (3/15)

Altars:
Qazlal


Innate Abilities, Weirdness & Mutations

You are a hulking beast.
Your limbs bulge with bestial killing power. (Slay +2)
You cannot wear most types of armour.
You are amphibious.
You can wear up to eight rings at the same time.
Your skin changes colour to match your surroundings (Stealth+).
Your rubbery body absorbs attacks. (AC +1, EV +1)
((You are camouflaged when in or above water. (Stealth+)))
You have tentacles for arms and can constrict up to eight enemies at once.


Message History

The gnoll hits you from afar with a +0 spear.
You are too injured to fight recklessly!
Unknown command.
A dart slug comes into view.
You block the gnoll's attack.
The gnoll hits you from afar with a +0 spear!
* * * LOW HITPOINT WARNING * * *
A quokka comes into view.
Throw: 6 darts (datura)
Press: ? - help, Q - select action, (/) - cycle Shift-Dir - straight line, f - gnoll
Aim: a gnoll, wielding a +0 spear (60% to hit, chance to frenzy on hit: 100%)
You throw a datura-tipped dart. The datura-tipped dart hits the gnoll.
The gnoll flies into a frenzy!
The gnoll closely misses something.
The hobgoblin is engulfed in a thunderstorm.
You kill the hobgoblin!
Qazlal accepts your kill.
The gnoll hits the gnoll with a +0 spear.
Unknown command.
The gnoll hits something with a +0 spear!
Qazlal accepts your kill.
You feel a bit more experienced. Qazlal accepts your kill.
You feel a bit more experienced.
Something closely misses the quokka.
You hear a shout!
Throw: 5 darts (datura)
Press: ? - help, Q - select action, (/) - cycle Shift-Dir - straight line, f - gnoll
Aim: a gnoll, wielding a +0 club (heavily wounded, 60% to hit, chance to frenzy on hit: 100%)
You throw a datura-tipped dart. The datura-tipped dart hits the gnoll.
The gnoll flies into a frenzy!
The gnoll is heavily wounded.
Something hits the quokka.
The quokka dies!
Qazlal accepts your kill.
You hear a shout!
Unknown command.
The gnoll attacks as it pursues you! You block the gnoll's attack.
The gnoll hits you with a +0 club!
You die...

#. .# ###.##. #.#
#...... .. ...... ..
#.#... . #.#.r#w#
#.#.g#.###.#
############.#..g......
#.......hg.(.##.#.###.#
#.###########g........#
#.# #.†.......$ #.#
#.#.#.####. #.# #.#.#.#
#.### ##...#.#
#...####......... .
#.#............#. #
#...####.#.#...#..


You could see 2 neutral gnolls.

Vanquished Creatures
  2 adders
  2 ribbon worms (D:2)
  4 bats
  3 endoplasms
  3 giant cockroaches
  5 goblins
  5 hobgoblins
  4 jackals (D:2)
  2 quokkas
  5 ball pythons
  3 frilled lizards
  5 kobolds
  6 rats
49 creatures vanquished.

Vanquished Creatures (collateral kills)
  A gnoll (D:3)
  A dart slug (D:3)
  A quokka (D:3)
3 creatures vanquished.

Grand Total: 52 creatures vanquished

Notes
Turn   | Place    | Note
-------+----------+-------------------------------------------
     0 | D:1      | dialectric the Octopode Shapeshifter began the quest for
                  | the Orb.
     0 | D:1      | Reached XP level 1. HP: 13/13 MP: 1/1
   108 | D:1      | Found a faded altar of an unknown god.
   114 | D:1      | Reached XP level 2. HP: 13/18 MP: 2/2
   133 | D:1      | Prayed at the altar of an unknown god.
   133 | D:1      | Became a worshipper of Qazlal Stormbringer
   133 | D:1      | Reached * piety under Qazlal
   167 | D:1      | Reached skill level 1 in Stealth
   687 | D:2      | Reached XP level 3. HP: 22/23 MP: 3/3
   741 | D:2      | Reached ** piety under Qazlal
  1292 | D:2      | Reached XP level 4. HP: 22/29 MP: 4/4
  1626 | D:3      | Slain by a gnoll

Illustrated notes

Levels and vault maps discovered:
D:1:      lemuel_arrival_rhombus, layout_basic,
          ebering_ecumenical_altar_abandoned
D:2:      layout_loops_ring, amcnicky_mini_pool_small
D:3:      layout_loops_ring, regret_index_temple_of_mockery,
          makhleb_altar_promises_db,
          nicolae_overflow_guarded_unrand_okawaru_victory, serial_shops,
          nicolae_shop_peninsula, kennysheep_cross_room

Skill      XL: |  1  2  3  4 |
---------------+-------------+-----
Stealth        | 1 |  1.0
Fighting       | 2 |  2.0
Dodging        | |  2.8
Unarmed Combat | |  3.6
Shapeshifting  | |  3.5

Action                     |  1- 3 |  4- 6 || total
---------------------------+-------+-------++-------
  Melee: Unarmed           |    76 |     5 ||    81
         Tentacles         |    14 |       ||    14
         Constrict         |    21 |     1 ||    22
         Punch             |     1 |       ||     1
  Throw: Dart              |       |     2 ||     2
   Stab: Sleeping          |     1 |       ||     1
 Armour: Skin              |    39 |     7 ||    46
  Dodge: Dodged            |    39 |     2 ||    41
  Block: Other             |     6 |     2 ||     8

Table legend: (Time is in decaauts)
 A = Elapsed time spent in this place.
 B = Non-inter-level travel time spent in this place.
 C = Inter-level travel time spent in this place.
 D = Time resting spent in this place.
 E = Time spent auto-exploring this place.
 F = Levels seen in this place.
 G = Mean time per level.
                   A        B        C        D        E       F      G
               +--------+--------+--------+--------+--------+-----+--------+
         Total |   1620 |   1574 |     46 |     61 |   1195 |   3 |  540.0 |
       Dungeon |   1620 |   1574 |     46 |     61 |   1195 |   3 |  540.0 |
               +--------+--------+--------+--------+--------+-----+--------+

Top non-repeatable levels by time:
     D:2: 869 daAuts
     D:1: 679 daAuts
     D:3: 72 daAuts
